TKirby, lawful female human Monk --------------- |.............| -------------- ##+.............| #......`..^...| ###|.............| ###|............| ####-.............| -------- # |.............#########[###### #-+------+------ |!!.[%.|### ----------|--- ### # |*)!?*.|# # # # |=%%.?.|# # # # |.?..?.|# # # `## |%..![@|# # # # |.)[?=@-# # ### -------- ## -------## -.---- ##|....<.## |....| # |.....|# |.....#### |.....|# |....| |......# |....| ------- ------ TKirby the Novice Experience level: 4 Strength: 15 Dexterity: 18 Constitution: 13 Intelligence: 9 Wisdom: 12 Charisma: 9 Health: 25(34) Energy: 20(20) Def: 6 Gold: 68 Moves: 1674 Dungeon seed: qIWYxM2Mnd_7sUes Game ID: TKirby_1505218863 Your Inventory: Coins $ - 68 gold pieces Weapons m - a +2 orcish dagger (alternate weapon; not wielded) u - 11 blessed +0 shuriken Armor e - a blessed +2 pair of leather gloves (being worn) n - an uncursed +1 robe (being worn) Comestibles f - 4 uncursed food rations g - 6 uncursed apples i - 3 uncursed fortune cookies j - an uncursed strawberry z - an uncursed food ration Scrolls b - an uncursed scroll of gold detection l - an uncursed scroll of confuse monster s - an uncursed scroll of teleportation C - an uncursed scroll of light Spellbooks a - a blessed spellbook of sleep A - an uncursed spellbook of detect monsters Potions c - 2 uncursed potions of healing d - a blessed potion of healing o - an uncursed potion of sickness p - a potion of holy water Rings t - an uncursed ring of levitation Gems q - an uncursed jasper stone r - 2 uncursed worthless pieces of yellow glass Spells and supernatural/magical abilities: Name Level Category Fail Memory z - sleep 1 enchantment 0% 92% W - pray for help -- divine ? -- Your skills at the end: Fighting Skills martial arts [Basic] Weapon Skills Spellcasting Skills healing spells [Basic] Final Attributes: You were piously aligned. You were sleep resistant. You were poison resistant. You saw invisible. You were fast. You survived. Vanquished creatures: a small mimic a kitten a rothe an acid blob 2 coyotes a hobgoblin 3 giant rats 2 geckos 7 jackals 2 goblins 5 grid bugs 2 lichens 6 newts 34 creatures vanquished. Voluntary challenges: You were vegetarian. You were an atheist. You never hit with a wielded weapon. You read items or engraved 1 time, starting on turn 1624. You never genocided any monsters. You never polymorphed an object. You never changed form. You used no wishes. You never split a pudding. You never wrote Elbereth's name. You never violated your personal moral code. Dungeon overview: The Dungeons of Doom: levels 1 to 4 Level 1 a fountain, some sinks a long staircase Level 2 Level 3 a fountain a long staircase Level 4 <- You were here a general store History has recorded: On T:1 you entered the Dungeons of Doom to retrieve the Amulet of Yendor! On T:370 you reached level 2 of The Dungeons of Doom. On T:631 you advanced to experience level 2. On T:947 you reached level 3 of The Dungeons of Doom. On T:1288 you advanced to experience level 3. On T:1404 you reached level 4 of The Dungeons of Doom. On T:1575 you advanced to experience level 4. Score breakdown: Gold: 68 ( 6255 points) Experience: 4 levels ( 9649 points) Exploration: 4 levels ( 8.16%) ( 7500 points) Discoveries: 3 items ( 1.07%) ( 3105 points) Valuables value: (no points given unless you survive) Artifact value: 0 ( 0 points) Variety of kills: 13 monsters ( 3.41%) ( 5541 points) Turncount: 1674 turns ( 0 points) Survival: quit (score multiplied by 90%) Total score: 28845 Latest messages: B - a cursed -1 ring of adornment. Never mind. You hit the rothe! The rothe hits! The rothe bites! (2x) You kill the rothe! There are a few objects here. Maple eats a rothe corpse. Click! Maple triggers something. The boulder hits maple! Maple is killed! C - a scroll of light. "Hello, TKirby! Welcome again to Kabalebo's general store!" You are beginning to feel hungry. You kill the hobgoblin! You drop a cursed -1 ring of adornment. You sold a cursed -1 ring of adornment for 50 gold pieces. That food really hit the spot! You finish eating the food ration. Kabalebo gratefully inherits all your possessions. Final status: Goodbye TKirby the Monk, quit... You quit in The Dungeons of Doom on dungeon level 4 with 28845 points, and 68 pieces of gold, after 1674 moves. You were level 4 with a maximum of 34 hit points when you quit.